TOP OF THE 1ST |
Huntington Beach Surf batting - Pitching for Marmora Scramblers : RHP José Campos
|
Pitching: RHP José Campos
|
|
Batting: RHB Warner Robinson
|
0-0: Called Strike 0-1: Ball 1-1: Called Strike 1-2: Foul Ball, location: 2F 1-2: Reached on error, E4 (Groundball, 4)
|
Batting: RHB Bernardo Herrera
|
0-0: Swinging Strike 0-1: Swinging Strike 0-2: Ball 1-2: Ball 2-2: Foul Ball, location: 2F 2-2: Foul Ball, location: 2F 2-2: Strikes out swinging
|
Batting: LHB Bartolo Benítez
|
0-0: Ball 1-0: Called Strike 1-1: Ball 2-1: Ball Pickoff Throw by Catcher to First - Out! 3-1: Swinging Strike 3-2: Base on Balls
|
Batting: RHB Gilberto Patino
|
0-0: Foul Ball, location: 2F 0-1: Called Strike 0-2: Ball 1-2: Strikes out swinging
|
Top of the 1st over - 0 run(s), 0 hit(s), 1 error(s), 1 left on base; Huntington Beach 0 - Marmora 0 |
BOTTOM OF THE 1ST |
Marmora Scramblers batting - Pitching for Huntington Beach Surf : RHP Jim Unknown
|
Pitching: RHP Jim Unknown
|
|
Batting: RHB Johnny Foster
|
0-0: Called Strike 0-1: Ball 1-1: Swinging Strike 1-2: Foul Ball, location: 2F 1-2: Fly out, F3 (Popup, 3)
|
Batting: RHB Chris Teague
|
0-0: Swinging Strike 0-1: Ball 1-1: Fly out, F8 (Flyball, 8LM)
|
Batting: RHB Eric D'Angle
|
0-0: Fly out, F9 (Flyball, 9LD)
|
Bottom of the 1st over - 0 run(s), 0 hit(s), 0 error(s), 0 left on base; Huntington Beach 0 - Marmora 0 |
TOP OF THE 2ND |
Huntington Beach Surf batting - Pitching for Marmora Scramblers : RHP José Campos
|
Batting: RHB Enrique Marroquín
|
0-0: Called Strike 0-1: Foul Ball, location: 2F 0-2: Foul Ball, location: 2F 0-2: SINGLE (Flyball, 8RS)
|
Batting: RHB Juan García
|
0-0: Ball 1-0: Ball 2-0: Ball 3-0: Base on Balls Enrique Marroquín to second
|
Batting: RHB Dave Young
|
0-0: Called Strike 0-1: Ball 1-1: Foul Ball, location: 2F 1-2: Ball 2-2: Ball 3-2: Ground out 2-3 (Groundball, 2R) Enrique Marroquín to third Juan García to second
|
Batting: LHB Jim Unknown
|
0-0: Called Strike 0-1: Swinging Strike 0-2: Ground out 4-3 (Groundball, 4S) Enrique Marroquín scores Juan García to third
|
Batting: RHB Rafael Abreu
|
0-0: Foul Ball, location: 2F 0-1: Ball 1-1: Ball 2-1: Fly out, F9 (Line Drive, 9M)
|
Top of the 2nd over - 1 run(s), 1 hit(s), 0 error(s), 1 left on base; Huntington Beach 1 - Marmora 0 |
BOTTOM OF THE 2ND |
Marmora Scramblers batting - Pitching for Huntington Beach Surf : RHP Jim Unknown
|
Batting: LHB Randy Daugherty
|
0-0: Ground out 5-3 (Groundball, 56)
|
Batting: LHB Jack Schmitt
|
0-0: Ball 1-0: Called Strike 1-1: Foul Ball, location: 2F 1-2: Strikes out looking
|
Batting: RHB Andrew Weeks
|
0-0: Ground out 6-3 (Groundball, 6)
|
Bottom of the 2nd over - 0 run(s), 0 hit(s), 0 error(s), 0 left on base; Huntington Beach 1 - Marmora 0 |
TOP OF THE 3RD |
Huntington Beach Surf batting - Pitching for Marmora Scramblers : RHP José Campos
|
Batting: RHB Warner Robinson
|
0-0: SINGLE (Groundball, 6M)
|
Batting: RHB Bernardo Herrera
|
0-0: Ball 1-0: Called Strike 1-1: DOUBLE (Line Drive, 7LM) Warner Robinson to third
|
Batting: LHB Bartolo Benítez
|
0-0: Called Strike 0-1: Ball 1-1: Foul Ball, location: 2F 1-2: Strikes out swinging
|
Batting: RHB Gilberto Patino
|
0-0: Foul Ball, location: 2F 0-1: Fly out, F5 (Line Drive, 56)
|
Batting: RHB Enrique Marroquín
|
0-0: DOUBLE (Line Drive, 9LM) Warner Robinson scores Bernardo Herrera scores
|
Batting: RHB Juan García
|
0-0: Called Strike 0-1: Foul Ball, location: 2F 0-2: Foul Ball, location: 2F 0-2: Ball 1-2: Strikes out swinging
|
Top of the 3rd over - 2 run(s), 3 hit(s), 0 error(s), 1 left on base; Huntington Beach 3 - Marmora 0 |
BOTTOM OF THE 3RD |
Marmora Scramblers batting - Pitching for Huntington Beach Surf : RHP Jim Unknown
|
Batting: RHB Thomas Vaughan
|
0-0: Ball 1-0: Called Strike 1-1: Foul Ball, location: 2F 1-2: Ball 2-2: Ball 3-2: Strikes out swinging
|
Batting: RHB Jorge Quezada
|
0-0: Ball 1-0: Fly out, F6 (Popup, 6D)
|
Batting: RHB Tristan Kuhn
|
0-0: Ball 1-0: Ball 2-0: Foul Ball, location: 2F 2-1: Foul Ball, location: 2F 2-2: Strikes out swinging
|
Bottom of the 3rd over - 0 run(s), 0 hit(s), 0 error(s), 0 left on base; Huntington Beach 3 - Marmora 0 |
TOP OF THE 4TH |
Huntington Beach Surf batting - Pitching for Marmora Scramblers : RHP José Campos
|
Batting: RHB Dave Young
|
0-0: Called Strike 0-1: Ball 1-1: Foul Ball, location: 2F 1-2: Foul Ball, location: 2F 1-2: Strikes out swinging
|
Batting: LHB Jim Unknown
|
0-0: Foul Ball, location: 2F 0-1: Ball 1-1: Foul Ball, location: 2F 1-2: Foul Ball, location: 2F 1-2: SINGLE (Groundball, 34D)
|
Batting: RHB Rafael Abreu
|
0-0: Ball 1-0: Ball 2-0: Foul Ball, location: 2F 2-1: Reached on error, E5 (Groundball, 56) Jim Unknown to second
|
Pitching: RHP Charles Logan
|
|
Batting: RHB Warner Robinson
|
0-0: Ball 1-0: SINGLE (Line Drive, 56) Jim Unknown to third Rafael Abreu to second Runner from 3rd tries for Home, SAFE, no throw or cutoff
|
Batting: RHB Bernardo Herrera
|
0-0: Called Strike 0-1: Foul Ball, location: 2F 0-2: Strikes out swinging
|
Batting: LHB Bartolo Benítez
|
0-0: Ball 1-0: Swinging Strike 1-1: Ball 2-1: Ball 3-1: TRIPLE (Line Drive, 7LS) Rafael Abreu scores Warner Robinson scores
|
Batting: RHB Gilberto Patino
|
0-0: Called Strike 0-1: Ball 1-1: Ball 2-1: DOUBLE (Line Drive, 89M) Bartolo Benítez scores
|
Batting: RHB Enrique Marroquín
|
0-0: SINGLE (Line Drive, 9S) Gilberto Patino to third
|
Batting: RHB Juan García
|
0-0: Foul Ball, location: 2F 0-1: Ball Wild Pitch! Gilberto Patino scores Enrique Marroquín to second 1-1: Ball 2-1: Called Strike 2-2: Strikes out looking
|
Top of the 4th over - 5 run(s), 5 hit(s), 1 error(s), 1 left on base; Huntington Beach 8 - Marmora 0 |
BOTTOM OF THE 4TH |
Marmora Scramblers batting - Pitching for Huntington Beach Surf : RHP Jim Unknown
|
Batting: RHB Johnny Foster
|
0-0: Ball 1-0: Ball 2-0: Called Strike 2-1: Foul Ball, location: 2F 2-2: Ball 3-2: Base on Balls
|
Batting: RHB Chris Teague
|
0-0: Ball 1-0: Called Strike 1-1: Called Strike 1-2: Fly out, F7 (Line Drive, 78S)
|
Batting: RHB Eric D'Angle
|
0-0: Ball 1-0: Ball 2-0: Ball 3-0: Called Strike 3-1: Swinging Strike 3-2: Foul Ball, location: 2F 3-2: Base on Balls Johnny Foster to second
|
Batting: LHB Randy Daugherty
|
0-0: Foul Ball, location: 2F 0-1: Ball 1-1: Swinging Strike 1-2: Ball 2-2: Ball 3-2: Fielders Choice at 2nd, 3-6 (Groundball, 3) Johnny Foster to third
|
Batting: LHB Jack Schmitt
|
0-0: Swinging Strike 0-1: Foul Ball, location: 2F 0-2: Foul Ball, location: 2F 0-2: Ball 1-2: Ball 2-2: Strikes out swinging
|
Bottom of the 4th over - 0 run(s), 0 hit(s), 0 error(s), 2 left on base; Huntington Beach 8 - Marmora 0 |
TOP OF THE 5TH |
Huntington Beach Surf batting - Pitching for Marmora Scramblers : RHP Charles Logan
|
Pitching: LHP Loren Beckham
|
|
Batting: RHB Dave Young
|
0-0: Fly out, F7 (Flyball, 78M)
|
Batting: LHB Jim Unknown
|
0-0: Ball 1-0: SINGLE (Line Drive, 6MD)
|
Batting: RHB Rafael Abreu
|
0-0: Ball 1-0: Called Strike 1-1: Swinging Strike 1-2: Ball 2-2: Foul Ball, location: 2F 2-2: SINGLE (Groundball, 56D) Jim Unknown to second
|
Batting: RHB Warner Robinson
|
0-0: Ball Jim Unknown steals 3rd base Rafael Abreu to second 1-0: Fly out, F9 (Flyball, 9M) Runner from 3rd tags up, SCORES, no throw
|
Batting: RHB Bernardo Herrera
|
0-0: Called Strike 0-1: Called Strike 0-2: Strikes out looking
|
Top of the 5th over - 1 run(s), 2 hit(s), 0 error(s), 1 left on base; Huntington Beach 9 - Marmora 0 |
BOTTOM OF THE 5TH |
Marmora Scramblers batting - Pitching for Huntington Beach Surf : RHP Jim Unknown
|
Batting: RHB Andrew Weeks
|
0-0: Ball 1-0: Ground out 5-3 (Groundball, 56)
|
Batting: RHB Thomas Vaughan
|
0-0: Ball 1-0: Ground out 5-3 (Groundball, 56)
|
Batting: RHB Jorge Quezada
|
0-0: Ball 1-0: Called Strike 1-1: Foul Ball, location: 2F 1-2: Fly out, F8 (Line Drive, 8RM)
|
Bottom of the 5th over - 0 run(s), 0 hit(s), 0 error(s), 0 left on base; Huntington Beach 9 - Marmora 0 |
TOP OF THE 6TH |
Huntington Beach Surf batting - Pitching for Marmora Scramblers : LHP Loren Beckham
|
Batting: LHB Bartolo Benítez
|
0-0: Called Strike 0-1: Ball 1-1: Ball 2-1: Called Strike 2-2: SINGLE (Groundball, 3D)
|
Batting: RHB Gilberto Patino
|
0-0: Called Strike 0-1: Grounds into double play, 4-6-3 (Groundball, 4)
|
Batting: RHB Enrique Marroquín
|
0-0: Swinging Strike 0-1: Called Strike 0-2: Ball 1-2: Foul Ball, location: 2F 1-2: Ground out 6-3 (Groundball, 6M)
|
Top of the 6th over - 0 run(s), 1 hit(s), 0 error(s), 0 left on base; Huntington Beach 9 - Marmora 0 |
BOTTOM OF THE 6TH |
Marmora Scramblers batting - Pitching for Huntington Beach Surf : RHP Jim Unknown
|
Batting: RHB Tristan Kuhn
|
0-0: Called Strike 0-1: Foul Ball, location: 2F 0-2: Foul Ball, location: 2F 0-2: Strikes out swinging
|
Batting: RHB Johnny Foster
|
0-0: Foul Ball, location: 2F 0-1: Called Strike 0-2: Ball 1-2: Foul Ball, location: 2F 1-2: Foul Ball, location: 2F 1-2: Ball 2-2: Ground out 4-3 (Groundball, 4)
|
Batting: RHB Chris Teague
|
0-0: Called Strike 0-1: Called Strike 0-2: Ball 1-2: Strikes out swinging
|
Bottom of the 6th over - 0 run(s), 0 hit(s), 0 error(s), 0 left on base; Huntington Beach 9 - Marmora 0 |
TOP OF THE 7TH |
Huntington Beach Surf batting - Pitching for Marmora Scramblers : LHP Loren Beckham
|
Pitching: RHP Jorge Silverstro
|
|
Batting: RHB Juan García
|
0-0: Ball 1-0: Ball 2-0: Called Strike 2-1: Ball 3-1: Base on Balls
|
Batting: RHB Dave Young
|
0-0: Called Strike 0-1: Fly out, F9 (Flyball, 89M)
|
Batting: LHB Jim Unknown
|
0-0: Ball 1-0: Called Strike 1-1: DOUBLE (Line Drive, 9D) Juan García to third
|
Batting: RHB Rafael Abreu
|
0-0: Foul Ball, location: 2F 0-1: Fly out, F9 (Flyball, 9S)
|
Batting: RHB Warner Robinson
|
0-0: Called Strike 0-1: Swinging Strike 0-2: Ball 1-2: Fly out, F8 (Flyball, 8RS)
|
Top of the 7th over - 0 run(s), 1 hit(s), 0 error(s), 2 left on base; Huntington Beach 9 - Marmora 0 |
BOTTOM OF THE 7TH |
Marmora Scramblers batting - Pitching for Huntington Beach Surf : RHP Jim Unknown
|
Batting: RHB Eric D'Angle
|
0-0: Fly out, F8 (Flyball, 89XD)
|
Batting: LHB Randy Daugherty
|
0-0: Ball 1-0: Ball 2-0: Fly out, F6 (Popup, 7LS)
|
Batting: LHB Jack Schmitt
|
0-0: Ball 1-0: Fly out, F7 (Flyball, 78S)
|
Bottom of the 7th over - 0 run(s), 0 hit(s), 0 error(s), 0 left on base; Huntington Beach 9 - Marmora 0 |
TOP OF THE 8TH |
Huntington Beach Surf batting - Pitching for Marmora Scramblers : RHP Jorge Silverstro
|
Batting: RHB Bernardo Herrera
|
0-0: Called Strike 0-1: SOLO HOME RUN (Line Drive, 78XD), Distance : 402 ft
|
Batting: LHB Bartolo Benítez
|
0-0: Ball 1-0: Ball 2-0: Called Strike 2-1: Ball 3-1: Foul Ball, location: 2F 3-2: Fly out, F8 (Flyball, 78M)
|
Batting: RHB Gilberto Patino
|
0-0: Called Strike 0-1: Swinging Strike 0-2: Ball 1-2: Foul Ball, location: 2F 1-2: Ball 2-2: Ball 3-2: Strikes out swinging
|
Batting: RHB Enrique Marroquín
|
0-0: Ball 1-0: Foul Ball, location: 2F 1-1: SOLO HOME RUN (Flyball, 7D), Distance : 377 ft
|
Batting: RHB Juan García
|
0-0: Ball 1-0: Swinging Strike 1-1: Ball 2-1: Ball 3-1: Base on Balls
|
Batting: RHB Dave Young
|
0-0: Ball 1-0: Foul Ball, location: 2F 1-1: Foul Ball, location: 2F 1-2: Foul Ball, location: 2F 1-2: Ball 2-2: DOUBLE (Line Drive, 5L) Juan García to third Runner from 3rd tries for Home, SAFE, no throw or cutoff
|
Pitching: LHP Aaron Farr
|
|
Batting: LHB Jim Unknown
|
0-0: Called Strike 0-1: Ball 1-1: Ball 2-1: Called Strike 2-2: Foul Ball, location: 2F 2-2: Strikes out looking
|
Top of the 8th over - 3 run(s), 3 hit(s), 0 error(s), 1 left on base; Huntington Beach 12 - Marmora 0 |
BOTTOM OF THE 8TH |
Marmora Scramblers batting - Pitching for Huntington Beach Surf : RHP Jim Unknown
|
Batting: RHB Andrew Weeks
|
0-0: Foul Ball, location: 2F 0-1: Ball 1-1: Ball 2-1: Ball 3-1: Base on Balls
|
Batting: RHB Thomas Vaughan
|
0-0: Called Strike 0-1: Fly out, F9 (Flyball, 89M)
|
Batting: RHB Jorge Quezada
|
0-0: Foul Ball, location: 2F 0-1: Foul Ball, location: 2F 0-2: Ball 1-2: Foul Ball, location: 2F 1-2: Ball 2-2: Reached on error, E3 (Groundball, 3S) Andrew Weeks to second
|
Batting: RHB Tristan Kuhn
|
0-0: Ball 1-0: Swinging Strike 1-1: Ball 2-1: Swinging Strike 2-2: Ground out 5-3 (Groundball, 5S) Andrew Weeks to third Jorge Quezada to second
|
Batting: RHB Johnny Foster
|
0-0: Ball 1-0: Ball 2-0: Foul Ball, location: 2F 2-1: Ball 3-1: Base on Balls
|
Batting: RHB Chris Teague
|
0-0: Swinging Strike 0-1: Called Strike 0-2: Foul Ball, location: 2F 0-2: Foul Ball, location: 2F 0-2: Ball 1-2: Strikes out looking
|
Bottom of the 8th over - 0 run(s), 0 hit(s), 1 error(s), 3 left on base; Huntington Beach 12 - Marmora 0 |
TOP OF THE 9TH |
Huntington Beach Surf batting - Pitching for Marmora Scramblers : LHP Aaron Farr
|
Batting: RHB Rafael Abreu
|
0-0: Ball 1-0: Ball 2-0: TRIPLE (Flyball, 7LS)
|
Batting: RHB Warner Robinson
|
0-0: Ball 1-0: Swinging Strike 1-1: Ball 2-1: Ball 3-1: Base on Balls
|
Batting: RHB Bernardo Herrera
|
0-0: Called Strike 0-1: Ball 1-1: Ball 2-1: Swinging Strike 2-2: Strikes out looking
|
Pinch Hitting: RHB Keith Hatch
|
0-0: Ball 1-0: Foul Ball, location: 2F 1-1: Swinging Strike 1-2: Ball 2-2: Strikes out swinging
|
Batting: RHB Gilberto Patino
|
0-0: Ball 1-0: Swinging Strike 1-1: SINGLE (Groundball, 4MD) (infield hit) Rafael Abreu scores Warner Robinson to second
|
Batting: RHB Enrique Marroquín
|
0-0: Ground out 5-3 (Groundball, 5L)
|
Top of the 9th over - 1 run(s), 2 hit(s), 0 error(s), 2 left on base; Huntington Beach 13 - Marmora 0 |
BOTTOM OF THE 9TH |
Marmora Scramblers batting - Pitching for Huntington Beach Surf : RHP Jim Unknown
|
Now at SS: Keith Hatch
|
|
Batting: RHB Eric D'Angle
|
0-0: Ball 1-0: Ball 2-0: SINGLE (Line Drive, 7S)
|
Pitching: RHP Jim Unknown
|
|
Batting: LHB Randy Daugherty
|
0-0: Ball 1-0: Called Strike 1-1: DOUBLE (Line Drive, 89D) Eric D'Angle to third Runner from 3rd tries for Home, SAFE, no throw or cutoff
|
Batting: LHB Jack Schmitt
|
0-0: Swinging Strike 0-1: Ball 1-1: Foul Ball, location: 2F 1-2: Foul Ball, location: 2F 1-2: Foul Ball, location: 2F 1-2: Foul Ball, location: 2F 1-2: 2-RUN HOME RUN (Flyball, 9LD), Distance : 356 ft
|
Batting: RHB Andrew Weeks
|
0-0: Ground out 5-3 (Groundball, 5)
|
Batting: RHB Thomas Vaughan
|
0-0: Ball 1-0: Ball 2-0: Ball 3-0: Called Strike 3-1: Base on Balls
|
Batting: RHB Jorge Quezada
|
0-0: Ball 1-0: Ball 2-0: Called Strike 2-1: DOUBLE (Groundball, 5L) Thomas Vaughan to third Runner from 3rd tries for Home, throw and OUT! Jorge Quezada to third
|
Batting: RHB Tristan Kuhn
|
0-0: Called Strike 0-1: Ball 1-1: Ball 2-1: Fly out, F7 (Line Drive, 7S)
|
Bottom of the 9th over - 3 run(s), 4 hit(s), 0 error(s), 1 left on base; Huntington Beach 13 - Marmora 3 |
|